[Event "Titled Tuesday Blitz August 1 Early 2023"]
[White "Shapiro, Daniel"]
[Black "Da Matta, Eduardo Cesar"]
[WhiteFideId "2001780"]
[BlackFideId "2193108"]
[WhiteElo "2353"]
[BlackElo "2166"]
[Result "1-0"]
[Round "4"]
[TimeControl "180+1"]
[Date "2023.08.01"]
[WhiteClock "0:01:55"]
[BlackClock "0:01:58"]
[Board "239"]

1. d4 d5 2. c4 c6 3. Nf3 Nf6 4. Qb3 dxc4 5. Qxc4 b5 6. Qc2 Bb7 7. g3 e6 8. Nbd2 Nbd7 9. Nb3 a5 10. Bg2 a4 11. Nc5 Nxc5 12. dxc5 Qd5 13. Be3 Qe4 14. Qxe4 Nxe4 15. Nd4 Nxc5 16. Bxc6+ Bxc6 17. Nxc6 Be7 18. Nxe7 1-0


[Site "https://www.chess.com"]

[Event "Titled Tuesday Blitz August 1 Early 2023"]
[White "Hon, Eric"]
[Black "Yonal, Timur"]
[WhiteFideId "2097117"]
[BlackFideId "44115725"]
[WhiteElo "2163"]
[BlackElo "2332"]
[Result "0-1"]
[Round "4"]
[TimeControl "180+1"]
[Date "2023.08.01"]
[WhiteClock "0:02:13"]
[BlackClock "0:01:46"]
[Board "240"]

1. e4 c5 2. Nf3 d6 3. d4 cxd4 4. Qxd4 a6 5. c4 Nc6 6. Qd3 Nf6 7. Nc3 g6 8. Be2 Bg7 9. O-O O-O 10. h3 Be6 11. a3 Rc8 12. Be3 Na5 13. Nd5 Nxc4 14. b3 Nxd5 15. exd5 Bf5 0-1


[Site "https://www.chess.com"]

[Event "Titled Tuesday Blitz August 1 Early 2023"]
[White "Mirzanurov, Bulat"]
[Black "Makhmudov, Shukhrat"]
[WhiteFideId "4184521"]
[BlackFideId "14200775"]
[WhiteElo "2153"]
[BlackElo "2320"]
[Result "1-0"]
[Round "4"]
[TimeControl "180+1"]
[Date "2023.08.01"]
[WhiteClock "0:00:49"]
[BlackClock "0:00:17"]
[Board "241"]

1. e4 e5 2. Nf3 Nc6 3. Bb5 a6 4. Ba4 Nf6 5. O-O Be7 6. Re1 b5 7. Bb3 O-O 8. h3 d6 9. c3 Na5 10. Bc2 c5 11. d4 Qc7 12. d5 c4 13. b4 cxb3 14. axb3 Bd7 15. Bd2 Nb7 16. Bd3 Nc5 17. Bc2 a5 18. Na3 a4 19. b4 Nb7 20. Bd3 Qb6 21. Be3 Qc7 22. Qd2 Rfc8 23. Rac1 Nd8 24. Nxb5 Bxb5 25. Bxb5 Nxe4 26. Qd3 f5 27. c4 a3 28. Nd2 Nxd2 29. Bxd2 e4 30. Qc2 Bf6 31. c5 a2 32. Bc3 Qf7 33. Bc4 dxc5 34. Bxf6 Qxf6 35. Bxa2 Nb7 36. d6+ Kh8 37. Bd5 c4 38. Bxb7 Qxd6 39. Bxa8 Rxa8 40. Qxc4 1-0


[Site "https://www.chess.com"]

[Event "Titled Tuesday Blitz August 1 Early 2023"]
[White "sterpfi"]
[Black "Acikel, Mert"]
[BlackFideId "12956465"]
[WhiteElo "2150"]
[BlackElo "2319"]
[Result "1/2-1/2"]
[Round "4"]
[TimeControl "180+1"]
[Date "2023.08.01"]
[WhiteClock "0:00:06"]
[BlackClock "0:00:10"]
[Board "242"]

1. e4 e5 2. Nf3 Nc6 3. Nc3 Nf6 4. d4 exd4 5. Nxd4 Bb4 6. Nxc6 bxc6 7. Bd3 d5 8. exd5 cxd5 9. O-O O-O 10. h3 c6 11. Qf3 Bd6 12. Bf4 h6 13. b3 Qc7 14. Bxd6 Qxd6 15. Rfe1 Be6 16. Qg3 Qxg3 17. fxg3 c5 18. Na4 Rac8 19. Rad1 Rfd8 20. Ba6 Rc7 21. c3 g6 22. Rc1 Kg7 23. b4 cxb4 24. cxb4 Rxc1 25. Rxc1 Bf5 26. Nc5 Ne4 27. Kh2 h5 28. Rd1 Rd6 29. Bd3 Nc3 30. Rd2 Bc8 31. Bc4 d4 32. Nb3 Rf6 33. Nxd4 Bb7 34. Nf3 Bxf3 35. gxf3 Rxf3 36. a4 Nxa4 37. Ra2 Nb6 38. Bb5 Rb3 39. Rxa7 Rxb4 40. Be8 Rb2+ 41. Kg1 Nd5 42. Bxf7 Ne3 43. Be6+ Kf6 44. Ra6 Rg2+ 45. Kh1 Rxg3 46. Bg4+ Kg5 47. Bc8 Nf5 48. Ra5 Rxh3+ 49. Kg2 Re3 50. Bxf5 gxf5 51. Kf2 Rb3 52. Kg2 Kg4 53. Ra8 Rb2+ 54. Kg1 Kf3 55. Rg8 Rb1+ 56. Kh2 f4 57. Rf8 Ke3 58. Kg2 Rb4 59. Rf7 h4 60. Rf8 h3+ 61. Kxh3 f3 62. Kg3 f2 63. Re8+ Kd2 64. Kxf2 Kc3 65. Re3+ Kc4 66. Re4+ Kc5 67. Rxb4 Kxb4 1/2-1/2


[Site "https://www.chess.com"]

[Event "Titled Tuesday Blitz August 1 Early 2023"]
[White "zano2023"]
[Black "Fajdetic, Hrvoje"]
[BlackFideId "14501945"]
[WhiteElo "2143"]
[BlackElo "2314"]
[Result "0-1"]
[Round "4"]
[TimeControl "180+1"]
[Date "2023.08.01"]
[WhiteClock "0:02:02"]
[BlackClock "0:01:58"]
[Board "243"]

1. d4 Nf6 2. Nd2 d5 3. Ngf3 Bg4 4. e3 c6 5. c4 e6 6. Qb3 Qb6 7. c5 Qxb3 8. axb3 a6 9. b4 Be7 10. Ne5 Bh5 11. b5 cxb5 12. Bxb5+ Nfd7 13. c6 bxc6 14. Nxc6 Nxc6 15. Bxc6 Ra7 16. O-O O-O 17. Bxd7 Rxd7 18. f3 Ra8 19. Nb3 Rc7 20. Na5 Bb4 21. g4 Bg6 22. Rf2 Bxa5 0-1


[Site "https://www.chess.com"]

[Event "Titled Tuesday Blitz August 1 Early 2023"]
[White "Hercegovac, Neven"]
[Black "Levine, David"]
[WhiteFideId "2839135"]
[BlackFideId "2011611"]
[WhiteElo "2314"]
[BlackElo "2095"]
[Result "0-1"]
[Round "4"]
[TimeControl "180+1"]
[Date "2023.08.01"]
[WhiteClock "0:00:02"]
[BlackClock "0:00:19"]
[Board "244"]

1. d4 d5 2. Bf4 Nf6 3. e3 c5 4. Nf3 Nc6 5. Nbd2 Qb6 6. dxc5 Qxb2 7. Rb1 Qa3 8. Bb5 Qxc5 9. O-O Ne4 10. Nxe4 dxe4 11. Ne5 a6 12. Bxc6+ bxc6 13. Qd2 Be6 14. Rfd1 g6 15. Nxg6 hxg6 16. Bb8 f6 17. Qd8+ Kf7 18. Qc7 Bg7 19. Rb7 f5 20. Rdb1 Bf6 21. h3 Qe5 22. Qxe5 Bxe5 23. Bxe5 Rhd8 24. Rc7 Bd5 25. Rbb7 Re8 26. Bd6 Bxa2 27. Rxe7+ Rxe7 28. Rxe7+ Kf6 29. Bc5 a5 30. Ra7 Rxa7 31. Bxa7 Ke6 32. Bc5 Kd5 33. Bd4 Kc4 34. g4 fxg4 35. hxg4 Bb1 36. f4 Bxc2 37. f5 gxf5 38. gxf5 Kd3 39. f6 Bb3 40. Kf2 a4 41. Kg3 a3 42. Kf4 a2 43. Kf5 c5 44. Be5 Bf7 45. Ba1 c4 0-1


[Site "https://www.chess.com"]

[Event "Titled Tuesday Blitz August 1 Early 2023"]
[White "Jiganchine, Roman"]
[Black "Goughfather"]
[WhiteFideId "2603667"]
[WhiteElo "2311"]
[BlackElo "2094"]
[Result "1-0"]
[Round "4"]
[TimeControl "180+1"]
[Date "2023.08.01"]
[WhiteClock "0:00:06"]
[BlackClock "0:00:00"]
[Board "245"]

1. e4 c6 2. d4 d5 3. exd5 cxd5 4. Nf3 Nf6 5. c3 Bg4 6. h3 Bh5 7. Qb3 Qc7 8. Ne5 e6 9. Bf4 Bd6 10. Na3 a6 11. g4 Bg6 12. Nxg6 hxg6 13. Bxd6 Qxd6 14. Qxb7 Qc6 15. Qxc6+ Nxc6 16. Bg2 Rc8 17. O-O O-O 18. Nc2 Rc7 19. Ne3 Rb8 20. Rab1 Na5 21. Rfc1 Ne8 22. Bf1 Rb6 23. Bd3 Nd6 24. Kg2 Kf8 25. Kf3 g5 26. Ke2 Ke7 27. Kf3 Nac4 28. Bxc4 Nxc4 29. Nxc4 Rxc4 30. Ke3 Ra4 31. a3 Rb3 32. Kd3 Rc4 33. Kc2 Rb8 34. Kd2 Rh8 35. Rh1 a5 36. b3 Rc7 37. Kd3 Rhc8 38. Rbc1 Rb7 39. b4 Rh8 40. Rb1 a4 41. b5 Kd6 42. Rb4 Ra8 43. h4 gxh4 44. Rxh4 g6 45. Rh1 Ke7 46. b6 Kf6 47. Rc1 Kg5 48. c4 Rc8 49. c5 1-0


[Site "https://www.chess.com"]

[Event "Titled Tuesday Blitz August 1 Early 2023"]
[White "Winkels, Marcel"]
[Black "Zaksaite, Salomeja"]
[WhiteFideId "1003887"]
[BlackFideId "12801496"]
[WhiteElo "2093"]
[BlackElo "2309"]
[Result "0-1"]
[Round "4"]
[TimeControl "180+1"]
[Date "2023.08.01"]
[WhiteClock "0:00:00"]
[BlackClock "0:00:51"]
[Board "246"]

1. e4 c5 2. Nf3 d6 3. d4 cxd4 4. Nxd4 Nf6 5. Nc3 Nc6 6. Bg5 a6 7. Qd2 e6 8. O-O-O Be7 9. f3 Qb6 10. Nb3 Qc7 11. h4 b5 12. g4 Bb7 13. Be3 h6 14. Bg2 O-O-O 15. Kb1 Kb8 16. Nd4 d5 17. exd5 Nxd5 18. Nxd5 Rxd5 19. f4 Rdd8 20. Qf2 Rd7 21. Nxc6+ Bxc6 22. Bb6 Qb7 23. Bxc6 Qxc6 24. Bd4 Rhd8 25. Be5+ Kb7 26. Qe2 f6 27. Bc3 b4 28. Bd2 Rxd2 0-1


[Site "https://www.chess.com"]

[Event "Titled Tuesday Blitz August 1 Early 2023"]
[White "Ardila, Oscar Humberto"]
[Black "Nugumanov, Bakhtiyar"]
[WhiteFideId "4404742"]
[BlackFideId "13701797"]
[WhiteElo "2300"]
[BlackElo "2075"]
[Result "1-0"]
[Round "4"]
[TimeControl "180+1"]
[Date "2023.08.01"]
[WhiteClock "0:00:10"]
[BlackClock "0:00:00"]
[Board "247"]

1. d4 e6 2. c4 b6 3. Nc3 Bb7 4. Nf3 Bb4 5. Bd2 Nf6 6. e3 O-O 7. Be2 Bxc3 8. Bxc3 Ne4 9. Rc1 f5 10. O-O d6 11. Be1 Nd7 12. Nd2 Ndf6 13. Nxe4 fxe4 14. b4 Qe8 15. c5 Rc8 16. cxd6 cxd6 17. Bc4 Bd5 18. Bxd5 Nxd5 19. Rxc8 Qxc8 20. Qb1 Nf6 21. b5 d5 22. Bb4 Rf7 23. Bd6 Qd8 24. Be5 Ng4 25. Bg3 h5 26. h3 Nh6 27. Qd1 h4 28. Be5 Qe8 29. a4 Rf5 30. Qc2 Qg6 31. Bf4 Kh7 32. Rc1 Rf7 33. Qc8 Qf5 34. Qd8 Qf6 35. Qb8 g5 36. Be5 Qxf2+ 37. Kh2 Qxe3 38. Qh8+ Kg6 39. Rc6 g4 40. Rxe6+ Kf5 41. Rf6+ 1-0


[Site "https://www.chess.com"]

[Event "Titled Tuesday Blitz August 1 Early 2023"]
[White "Levitan, Caleb Levi"]
[Black "Lakshmi C"]
[WhiteFideId "14332620"]
[BlackFideId "25035347"]
[WhiteElo "2294"]
[BlackElo "2066"]
[Result "1-0"]
[Round "4"]
[TimeControl "180+1"]
[Date "2023.08.01"]
[WhiteClock "0:00:06"]
[BlackClock "0:00:00"]
[Board "248"]

1. e4 c5 2. Nf3 Nc6 3. Nc3 e5 4. Bc4 Be7 5. d3 Nf6 6. Ng5 O-O 7. f4 exf4 8. O-O Ne5 9. Bxf4 Nxc4 10. dxc4 d6 11. Nf3 Bg4 12. Qd3 Qb6 13. b3 Rad8 14. Rad1 Qc6 15. Bg5 Rfe8 16. Bxf6 Bxf6 17. Nd5 Be5 18. Nxe5 dxe5 19. Ne7+ Rxe7 20. Qxd8+ Re8 21. Qd6 Bxd1 22. Qxc6 bxc6 23. Rxd1 Kf8 24. Rd6 Ke7 25. Rxc6 Rd8 26. Rxc5 Rd1+ 27. Kf2 Rd2+ 28. Kf3 Rxc2 29. Rxe5+ 1-0


[Site "https://www.chess.com"]

[Event "Titled Tuesday Blitz August 1 Early 2023"]
[White "ivana_999"]
[Black "Barwinska, Ewa"]
[BlackFideId "21833761"]
[WhiteElo "2050"]
[BlackElo "2282"]
[Result "1/2-1/2"]
[Round "4"]
[TimeControl "180+1"]
[Date "2023.08.01"]
[WhiteClock "0:01:43"]
[BlackClock "0:00:15"]
[Board "249"]

1. d4 d5 2. c4 e6 3. Nc3 Nf6 4. Nf3 Nbd7 5. Bg5 c6 6. e3 Qa5 7. Nd2 Bb4 8. Qc2 Ne4 9. Ndxe4 dxe4 10. Bf4 O-O 11. a3 e5 12. dxe5 Bxc3+ 13. Qxc3 Qxc3+ 14. bxc3 Re8 15. Be2 Nxe5 16. Bxe5 Rxe5 17. O-O Be6 18. Rfd1 Rc5 19. Rab1 Bxc4 20. Bxc4 Rxc4 21. Rxb7 Rxc3 22. g3 h6 23. Rdd7 Rf8 24. Rxa7 Rc1+ 25. Kg2 c5 26. Rac7 Rc3 27. a4 Ra3 28. Rxc5 Rxa4 29. Re7 Rb8 30. Rce5 Rbb4 31. Rf5 f6 32. Rd5 Kf8 33. Rdd7 Rb2 34. Rxg7 Raa2 35. Rh7 Rxf2+ 36. Kh3 Rxh2+ 37. Kg4 h5+ 38. Kf5 Ra5+ 39. Kxe4 Re5+ 40. Kd4 Rd2+ 41. Kc3 Rxd7 42. Rxd7 Rxe3+ 43. Kd4 Rxg3 44. Rh7 Rg5 45. Ke4 Kg8 46. Ra7 h4 47. Kf4 Rh5 48. Kg4 Rh7 49. Ra8+ Kg7 50. Ra7+ Kg6 51. Rxh7 Kxh7 52. Kxh4 Kh6 53. Kg4 Kg6 54. Kf4 f5 55. Kf3 Kf6 56. Kf4 Ke6 57. Kf3 Ke5 58. Ke3 f4+ 59. Kf3 Kf5 60. Kf2 Kg4 61. Kg2 f3+ 62. Kf2 Kf4 63. Kf1 Kg3 64. Kg1 f2+ 65. Kf1 Kf3 1/2-1/2


[Site "https://www.chess.com"]

[Event "Titled Tuesday Blitz August 1 Early 2023"]
[White "Wisniowski, Natalie"]
[Black "EdmundPlayer"]
[WhiteFideId "30929261"]
[WhiteElo "2045"]
[BlackElo "2268"]
[Result "0-1"]
[Round "4"]
[TimeControl "180+1"]
[Date "2023.08.01"]
[WhiteClock "0:00:18"]
[BlackClock "0:01:11"]
[Board "250"]

1. e4 e5 2. Nf3 Nc6 3. d4 exd4 4. Bc4 Nf6 5. e5 d5 6. Bb5 Ne4 7. Nxd4 Bd7 8. Bxc6 bxc6 9. O-O Bc5 10. Be3 Bb6 11. Nd2 Nxd2 12. Qxd2 O-O 13. Rfe1 Re8 14. Bf4 c5 15. Nf3 Be6 16. Ng5 h6 17. Nxe6 Rxe6 18. Rad1 c6 19. h3 c4 20. Qe2 Qh4 21. Bg3 Qxg3 22. Kf1 Qh2 23. Qh5 Rae8 0-1


[Site "https://www.chess.com"]

[Event "Titled Tuesday Blitz August 1 Early 2023"]
[White "Warchol, Kamil"]
[Black "Navyblue1"]
[WhiteFideId "21858241"]
[WhiteElo "2267"]
[BlackElo "1941"]
[Result "1-0"]
[Round "4"]
[TimeControl "180+1"]
[Date "2023.08.01"]
[WhiteClock "0:01:43"]
[BlackClock "0:00:00"]
[Board "251"]

1. e4 c5 2. Nf3 d6 3. d4 cxd4 4. Nxd4 Nf6 5. Nc3 a6 6. f4 e5 7. Nf3 exf4 8. Bxf4 Bg4 9. Be2 Nc6 10. O-O Be7 11. Kh1 O-O 12. Qd2 Bxf3 13. Bxf3 Ne5 14. Be2 Re8 15. Rad1 Qa5 16. Bg5 Rad8 17. Bxf6 Bxf6 18. Nd5 Qxd2 19. Nxf6+ gxf6 20. Rxd2 Kg7 21. Rfd1 Nc6 22. Bf3 Re6 23. c3 Ne5 24. Be2 Nc6 25. Bf3 Na5 26. b3 Nc6 27. c4 Ne5 28. Kg1 Nxf3+ 29. gxf3 Kg6 30. Kf2 f5 31. exf5+ Kxf5 32. c5 d5 33. Rxd5+ Rxd5 34. Rxd5+ Kf6 35. Rd7 b6 36. cxb6 Rxb6 37. Ke3 Ke6 38. Rd4 h6 39. Rh4 Kf5 40. Rh5+ Kg6 41. Rd5 Re6+ 42. Kf2 f6 43. b4 Rb6 44. a3 Rc6 45. Rd3 Rc2+ 46. Kg3 Ra2 47. h3 Kg5 48. Rd5+ Kg6 49. Ra5 1-0


[Site "https://www.chess.com"]

[Event "Titled Tuesday Blitz August 1 Early 2023"]
[White "Movahed, Sina"]
[Black "Carlsen, Magnus"]
[WhiteFideId "42520835"]
[BlackFideId "1503014"]
[WhiteElo "2947"]
[BlackElo "3248"]
[Result "0-1"]
[Round "5"]
[TimeControl "180+1"]
[Date "2023.08.01"]
[WhiteClock "0:00:00"]
[BlackClock "0:00:09"]
[Board "1"]

1. e4 c6 2. d4 Na6 3. Nf3 Nf6 4. e5 Nd5 5. c4 Ndc7 6. Nc3 d6 7. Be3 Bg4 8. exd6 exd6 9. Be2 Be7 10. O-O O-O 11. h3 Bh5 12. d5 Re8 13. dxc6 bxc6 14. Nd4 Bxe2 15. Qxe2 Qd7 16. Qg4 Ne6 17. Nf5 Bf8 18. Rad1 Kh8 19. Qg3 Rad8 20. Rd2 Nac7 21. Rfd1 d5 22. cxd5 Nxd5 23. Nxd5 cxd5 24. Qf3 Qa4 25. b3 Qa5 26. Rxd5 Qxa2 27. Rxd8 Rxd8 28. Rxd8 Nxd8 29. Qa8 Qa5 30. Nd4 Kg8 31. b4 Qc7 32. b5 Qd7 33. Nc6 Ne6 34. Bxa7 h5 35. b6 Qd1+ 36. Kh2 Qd6+ 37. g3 h4 38. Na5 hxg3+ 39. fxg3 Qd2+ 40. Kh1 Qe1+ 41. Kh2 Qd2+ 42. Kh1 Qxa5 43. b7 Qe1+ 44. Kg2 Qe4+ 45. Kg1 Qb1+ 46. Kf2 Qc2+ 47. Kg1 Qb1+ 48. Kg2 Qb2+ 49. Kg1 Nc7 50. Qc8 Qa1+ 51. Kg2 Qa2+ 52. Kh1 Qd5+ 53. Kh2 Na6 54. b8=Q Nxb8 55. Bxb8 Qd2+ 56. Kh1 Qd4 57. Kh2 Qf2+ 58. Kh1 Qf3+ 59. Kh2 Qe2+ 60. Kh1 Qd1+ 0-1


[Site "https://www.chess.com"]

[Event "Titled Tuesday Blitz August 1 Early 2023"]
[White "Baskakov, Egor"]
[Black "Naroditsky, Daniel"]
[WhiteFideId "24197866"]
[BlackFideId "2026961"]
[WhiteElo "2920"]
[BlackElo "3114"]
[Result "1-0"]
[Round "5"]
[TimeControl "180+1"]
[Date "2023.08.01"]
[WhiteClock "0:00:05"]
[BlackClock "0:00:05"]
[Board "2"]

1. e4 Nf6 2. Nc3 d5 3. exd5 Nxd5 4. g3 c5 5. Bg2 Nf6 6. Nge2 Nc6 7. d3 Bf5 8. h3 h5 9. O-O Qd7 10. Kh2 e6 11. Ne4 O-O-O 12. Be3 Bxe4 13. dxe4 Qc7 14. Qc1 h4 15. Bf4 Bd6 16. Kg1 hxg3 17. fxg3 Ne5 18. Qe3 Nh5 19. Rad1 f6 20. g4 Nxf4 21. Nxf4 Nc4 22. Qb3 Bxf4 23. Qxc4 Be3+ 24. Kh1 Qe5 25. c3 Kc7 26. Qe2 Qg3 27. Rf3 Rxd1+ 28. Qxd1 Qxg4 29. e5 Kc8 30. Qf1 Bg5 31. Qb5 Qe4 32. Rg3 Qe1+ 33. Kh2 Bf4 34. Qxb7+ Kd8 35. Qb8+ Kd7 36. Qb7+ Kd8 37. Qb8+ Kd7 38. Qd6+ Kc8 39. Qxe6+ Kc7 40. Qd6+ Kc8 41. Qc6+ Kd8 42. Qd6+ Ke8 43. Bc6+ Kf7 44. Qd7+ Kf8 45. Qxg7# 1-0


[Site "https://www.chess.com"]

[Event "Titled Tuesday Blitz August 1 Early 2023"]
[White "Demidov, Mikhail"]
[Black "Sarana, Alexey"]
[WhiteFideId "4197143"]
[BlackFideId "24133795"]
[WhiteElo "2919"]
[BlackElo "3108"]
[Result "1-0"]
[Round "5"]
[TimeControl "180+1"]
[Date "2023.08.01"]
[WhiteClock "0:00:11"]
[BlackClock "0:00:00"]
[Board "3"]

1. d4 Nf6 2. Nf3 d5 3. Bf4 c5 4. dxc5 e6 5. e3 Bxc5 6. Be2 b6 7. O-O Bb7 8. c4 Nbd7 9. Nc3 dxc4 10. Bxc4 O-O 11. Rc1 a6 12. a3 b5 13. Ba2 Qb6 14. Qe2 Rac8 15. Rfd1 Rfd8 16. h3 Be7 17. Bb1 h6 18. Ne5 Nf8 19. Ng4 Rxd1+ 20. Qxd1 Rd8 21. Qe2 Rc8 22. Qd1 Qc6 23. Qf1 Nxg4 24. hxg4 Ng6 25. Be4 Qd7 26. Rd1 Bd5 27. Nxd5 exd5 28. Bf5 Qc6 29. Bxc8 Qxc8 30. Rxd5 Qxg4 31. Qd1 Qe6 32. Bg3 Bf6 33. b3 Be7 34. a4 bxa4 35. bxa4 Qc6 36. Qb3 Nf8 37. Rd1 Ne6 38. a5 Bf8 39. Qd5 Qa4 40. Rc1 Qa3 41. Rc8 Qa1+ 42. Kh2 Qf6 43. Rc6 h5 44. Qxh5 g6 45. Qh4 Qf5 46. Rxa6 Nc5 47. Ra8 Ne4 48. Qh6 Qc5 49. a6 1-0


[Site "https://www.chess.com"]

[Event "Titled Tuesday Blitz August 1 Early 2023"]
[White "Aravindh, Chithambaram VR."]
[Black "Aronian, Levon"]
[WhiteFideId "5072786"]
[BlackFideId "13300474"]
[WhiteElo "2915"]
[BlackElo "3076"]
[Result "0-1"]
[Round "5"]
[TimeControl "180+1"]
[Date "2023.08.01"]
[WhiteClock "0:00:00"]
[BlackClock "0:00:12"]
[Board "4"]

1. Nf3 g6 2. e4 Bg7 3. d4 d6 4. Nc3 Nf6 5. Be2 O-O 6. O-O e6 7. Bg5 h6 8. Bh4 Nc6 9. d5 exd5 10. exd5 Ne7 11. Bd3 g5 12. Nxg5 hxg5 13. Bxg5 Qd7 14. Re1 Ng6 15. h3 Nh7 16. Bd2 f5 17. f4 Qf7 18. Qf3 Bd7 19. Nb5 Bxb5 20. Bxb5 Nf6 21. Re6 c6 22. Bd3 cxd5 23. Bxf5 Nh4 24. Qd3 Rae8 25. Rxe8 Rxe8 26. Re1 Nxf5 27. Qxf5 Ne4 28. Qxf7+ Kxf7 29. Bc1 Bd4+ 30. Kh2 Bf2 31. Rf1 Bg3+ 32. Kg1 d4 33. f5 Kf6 34. a4 d5 35. b3 Rc8 36. Bb2 Be5 37. Rc1 Nc3 38. Kf2 Kxf5 39. g4+ Ke6 40. Kg2 Ne4 41. h4 Bf4 0-1


[Site "https://www.chess.com"]

[Event "Titled Tuesday Blitz August 1 Early 2023"]
[White "Nguyen, Ngoc Truong Son"]
[Black "Andreikin, Dmitry"]
[WhiteFideId "12401110"]
[BlackFideId "4158814"]
[WhiteElo "2909"]
[BlackElo "3046"]
[Result "0-1"]
[Round "5"]
[TimeControl "180+1"]
[Date "2023.08.01"]
[WhiteClock "0:00:09"]
[BlackClock "0:00:24"]
[Board "5"]

1. d4 Nf6 2. c4 e6 3. Nc3 Bb4 4. Nf3 b6 5. Bd2 Bb7 6. g3 c5 7. Nb5 O-O 8. Bg2 Ne4 9. Bxb4 cxb4 10. Nd2 Nc3 11. bxc3 Bxg2 12. Rg1 bxc3 13. Nxc3 Bb7 14. f3 Nc6 15. e3 Rc8 16. Rc1 Na5 17. Nb5 Qg5 18. f4 Qh6 19. Qe2 Ba6 20. a4 d5 21. h4 dxc4 22. Kf2 Bxb5 23. axb5 Rc7 24. Rc2 Rfc8 25. Rgc1 Qg6 26. Rc3 Qf5 27. Rb1 Nb3 28. Nxb3 Qxb1 29. Nd2 Qxb5 30. e4 Qb2 0-1


[Site "https://www.chess.com"]

[Event "Titled Tuesday Blitz August 1 Early 2023"]
[White "Makarian, Rudik"]
[Black "Harsh Suresh"]
[WhiteFideId "44105681"]
[BlackFideId "45018464"]
[WhiteElo "3018"]
[BlackElo "2892"]
[Result "1-0"]
[Round "5"]
[TimeControl "180+1"]
[Date "2023.08.01"]
[WhiteClock "0:00:56"]
[BlackClock "0:00:15"]
[Board "6"]

1. d4 d6 2. Nf3 g6 3. c4 Bg7 4. Nc3 e5 5. dxe5 dxe5 6. Qxd8+ Kxd8 7. g3 c6 8. Bg2 f6 9. O-O Be6 10. b4 Bxc4 11. Nd2 Be6 12. b5 Ne7 13. Ba3 Nd5 14. Rac1 Nxc3 15. Rxc3 a6 16. bxc6 Nxc6 17. Rb1 Kc7 18. Ne4 Bxa2 19. Rb2 Be6 20. Bd6+ Kc8 21. Nc5 Re8 22. Rxb7 Bf8 23. Rc7+ Kd8 24. Nb7# 1-0


[Site "https://www.chess.com"]

[Event "Titled Tuesday Blitz August 1 Early 2023"]
[White "Kamsky, Gata"]
[Black "Khubukshanov, Erdem"]
[WhiteFideId "2000024"]
[BlackFideId "54114527"]
[WhiteElo "2985"]
[BlackElo "2868"]
[Result "1-0"]
[Round "5"]
[TimeControl "180+1"]
[Date "2023.08.01"]
[WhiteClock "0:00:15"]
[BlackClock "0:00:00"]
[Board "7"]

1. d4 Nf6 2. Bf4 c5 3. e3 Nd5 4. Bg3 Qb6 5. b3 cxd4 6. Qxd4 Qa5+ 7. Qd2 Nb4 8. c3 N4c6 9. c4 Qb6 10. Nc3 e6 11. Bd3 Na6 12. Nf3 Bb4 13. O-O Nc5 14. Qc2 a6 15. Rfd1 Qa5 16. Ne4 Nxd3 17. Qxd3 O-O 18. a3 Be7 19. b4 Qf5 20. c5 e5 21. Qd5 b6 22. cxb6 Rb8 23. Nxe5 Rxb6 24. Nxd7 Bxd7 25. Qxd7 Qxe4 26. Rac1 Qe6 27. Qxe6 fxe6 28. Bc7 Rb7 29. Rxc6 Rc8 30. Rdc1 Kf7 31. g3 h5 32. Kg2 g6 33. Ba5 Ra8 34. Rc7 Rxc7 35. Rxc7 Ke8 36. Rc6 Kd7 37. Rc4 Bf6 38. h3 Bb2 39. a4 Rf8 40. Rc7+ Kd6 41. Ra7 Bc3 42. Rxa6+ Kd5 43. b5 Be5 44. Ra7 Kc4 45. b6 Kb3 46. b7 Rb8 47. Bb6 Kc4 48. a5 Kb5 49. f4 Bd6 50. Kf3 Kc6 51. Ke4 1-0


[Site "https://www.chess.com"]

[Event "Titled Tuesday Blitz August 1 Early 2023"]
[White "Kovalenko, Igor"]
[Black "Megaranto, Susanto"]
[WhiteFideId "14117908"]
[BlackFideId "7101384"]
[WhiteElo "2849"]
[BlackElo "2978"]
[Result "1-0"]
[Round "5"]
[TimeControl "180+1"]
[Date "2023.08.01"]
[WhiteClock "0:00:30"]
[BlackClock "0:00:00"]
[Board "8"]

1. c4 c6 2. Nf3 d5 3. e3 Nf6 4. Nc3 a6 5. b3 Bf5 6. Bb2 e6 7. Be2 h6 8. O-O Nbd7 9. cxd5 cxd5 10. Nd4 Bh7 11. f4 Be7 12. Qe1 O-O 13. Qg3 Nc5 14. Rad1 Rc8 15. d3 b5 16. b4 Nb7 17. a3 Nd6 18. Qf2 Nd7 19. Bg4 Bf6 20. Nce2 Nb6 21. Rd2 Re8 22. Ba1 a5 23. bxa5 Na4 24. Nb3 Bxa1 25. Rxa1 Nc5 26. Nec1 Qf6 27. Nd4 Ra8 28. Raa2 Rxa5 29. Nc6 Ra4 30. Ne5 Nce4 31. dxe4 Nxe4 32. Qe1 Nxd2 33. Qxd2 Rc8 34. Bd1 Ra7 35. Ne2 Qe7 36. Nd4 Rxa3 37. Rxa3 Qxa3 38. Bh5 Qc1+ 39. Qxc1 Rxc1+ 40. Kf2 g6 41. Be2 b4 42. h4 Rb1 43. g4 g5 44. hxg5 hxg5 45. f5 exf5 46. gxf5 b3 47. Bd3 Rb2+ 48. Kg3 f6 49. Nef3 Kg7 50. Ne6+ Kh6 51. Nc5 Bg8 52. Nd4 Bf7 53. Ndxb3 Bh5 54. Nd4 Bd1 55. Bf1 Bc2 56. Bg2 Bd1 57. Bxd5 Bc2 58. Bf3 Bb1 59. Nce6 Rb8 60. Nc5 Ba2 61. Nd7 Re8 62. Nxf6 Rxe3 63. Ng4+ Kg7 64. Nxe3 1-0


[Site "https://www.chess.com"]

[Event "Titled Tuesday Blitz August 1 Early 2023"]
[White "Krzyzanowski, Marcin"]
[Black "Bok, Benjamin"]
[WhiteFideId "1132199"]
[BlackFideId "1017063"]
[WhiteElo "2799"]
[BlackElo "2963"]
[Result "1/2-1/2"]
[Round "5"]
[TimeControl "180+1"]
[Date "2023.08.01"]
[WhiteClock "0:00:04"]
[BlackClock "0:00:06"]
[Board "9"]

1. e4 c5 2. Nf3 d6 3. d4 cxd4 4. Nxd4 Nf6 5. Nc3 a6 6. Be2 e5 7. Nb3 Be7 8. O-O O-O 9. Qd3 Be6 10. Bd2 Nbd7 11. Nd5 Bxd5 12. exd5 Ne8 13. Na5 Rb8 14. b4 Bg5 15. c4 f5 16. Bxg5 Qxg5 17. Rac1 e4 18. Qe3 Qe7 19. f4 Nef6 20. Rfd1 Qd8 21. Nb3 Qb6 22. Qxb6 Nxb6 23. Nd4 g6 24. Ne6 Rfc8 25. g3 Kf7 26. Kf2 Ke7 27. h3 h5 28. Ke3 Nbd7 29. c5 Nf8 30. Nxf8 Kxf8 31. cxd6 Nxd5+ 32. Kd4 Nxb4 33. Ke5 Kf7 34. d7 Rd8 35. Kd6 Kf6 36. Rc7 b5 37. a3 Nd3 38. Bxd3 exd3 39. Rxd3 Rb6+ 40. Rc6 Rb7 41. Rc7 Rb6+ 42. Kc5 Re6 43. Rc8 Ke7 44. Rxd8 Kxd8 45. Rd6 Rxd6 46. Kxd6 a5 47. Kc5 b4 48. axb4 axb4 49. Kxb4 Kxd7 50. Kc5 Kc7 51. Kd5 Kd7 52. h4 Ke7 53. Ke5 Kf7 54. Kd5 Ke7 55. Ke5 Kf7 56. Kd6 Kf6 57. Kd7 Kf7 58. Kd6 Kf6 59. Kd5 Kf7 60. Ke5 Ke7 61. Kd5 Kf7 62. Kd6 1/2-1/2


[Site "https://www.chess.com"]

[Event "Titled Tuesday Blitz August 1 Early 2023"]
[White "Tristan, Leonardo"]
[Black "Terry, Renato"]
[WhiteFideId "113816"]
[BlackFideId "3803457"]
[WhiteElo "2783"]
[BlackElo "2955"]
[Result "1/2-1/2"]
[Round "5"]
[TimeControl "180+1"]
[Date "2023.08.01"]
[WhiteClock "0:00:05"]
[BlackClock "0:00:03"]
[Board "10"]

1. d4 d5 2. Nf3 Nf6 3. Bf4 e6 4. e3 Bd6 5. Nbd2 O-O 6. c3 c5 7. Bd3 b6 8. Bxd6 Qxd6 9. e4 Qe7 10. e5 Nfd7 11. Qe2 a5 12. Qe3 Ba6 13. Bxa6 Rxa6 14. h4 b5 15. h5 Nc6 16. h6 g6 17. O-O Rc8 18. Qf4 cxd4 19. cxd4 Nb4 20. a3 Nd3 21. Qe3 Nxb2 22. Qb3 Nc4 23. Qxb5 Rb6 24. Qa4 Nxd2 25. Nxd2 Rbb8 26. Nf3 Nb6 27. Qxa5 Qf8 28. Qd2 Nc4 29. Qf4 Nxa3 30. Nh2 Ra8 31. Ng4 Qe7 32. Rfc1 Nc4 33. Rab1 Rcb8 34. Rxb8+ Rxb8 35. Ra1 Rc8 36. Qf6 Qxf6 37. Nxf6+ Kh8 38. Ra7 Rf8 39. Kf1 Nb2 40. Ke2 Nc4 41. Kd3 Nb2+ 42. Kc3 Nd1+ 43. Kb4 Nxf2 44. Kc5 Ne4+ 45. Nxe4 dxe4 46. Ra3 Rc8+ 47. Kd6 Kg8 48. Ke7 Rc7+ 49. Kf6 Rc8 50. Ke7 Rc7+ 51. Kf6 Rc8 52. Re3 Kf8 53. Rxe4 Rc1 54. Rf4 Rd1 55. g3 Rd3 56. g4 Rd1 57. Kg5 Ke7 58. Re4 Rd2 59. Rf4 Re2 60. Rf3 Rd2 61. Rf4 Rd3 62. Re4 Rd1 63. Rf4 Rd2 64. Re4 Rd1 65. Rf4 Rd3 66. Re4 Rd2 67. Rf4 1/2-1/2


[Site "https://www.chess.com"]